 Dungeon Crawl Stone Soup version 0.18.1-6-gd335043 (webtiles) character file.

200 mrath the Magician (level 5, -2/28 HPs)
             Began as a Tengu Wizard on May 21, 2016.
             Slain by an orc priest
             ... wielding a +0 war axe
              (8 damage)
             ... on level 4 of the Dungeon.
             The game lasted 00:31:46 (5848 turns).

mrath the Magician (Tengu Wizard)                   Turns: 5848, Time: 00:31:47

Health: -2/28      AC:  2    Str:  7    XL:     5   Next: 78%
Magic:  8/12       EV: 12    Int: 19    God:
Gold:   256        SH:  0    Dex: 13    Spells: 3 memorised, 7 levels left

rFire  . . .     SeeInvis .     l - +0 short sword
rCold  . . .     Gourm    .     a - +0 robe
rNeg   . . .     Faith    .     (no shield)
rPois  .         Spirit   .     b - +0 hat
rElec  .         Dismiss  .     (no cloak)
rCorr  .         Reflect  .     (no gloves)
SustAt .         Harm     .     (boots unavailable)
MR     .....                    (no amulet)
Stlth  ++........               (no ring)
                                f - ring of flight

@: not resistant to hostile enchantments, unstealthy
A: beak, talons 3, able to fly 1
a: Fly, Evoke Flight


You were on level 4 of the Dungeon.
You were hungry.

You visited 1 branch of the dungeon, and saw 4 of its levels.

You collected 256 gold pieces.

Inventory:

Hand Weapons
 h - a +0 war axe
 l - a +0 short sword (weapon)
 w - a +0 hunting sling
Missiles
 k - 204 stones
 n - 44 sling bullets
 o - 4 tomahawks (quivered)
Armour
 a - a +0 robe (worn)
 b - a +0 hat (worn)
 A - a +0 leather armour of poison resistance
Jewellery
 f - a ring of flight (left hand)
Scrolls
 g - a scroll of fog {unknown}
 p - a scroll of remove curse
 q - 5 scrolls of identify {unknown}
 r - a scroll of recharging {unknown}
 s - a scroll of enchant armour {unknown}
 u - 4 scrolls of teleportation {unknown}
Potions
 e - a potion of might {unknown}
 i - a potion of curing
 m - a potion of lignification {unknown}
 x - a potion of brilliance {unknown}
Books
 c - a book of Minor Magic

   Spells                             Type                      Level
   a - Magic Dart                     Conjuration                  1
   b - Blink                          Translocation                2
   c - Call Imp                       Summoning                    2
   d - Repel Missiles                 Charms/Air                   2
   e - Slow                           Hexes                        2
   f - Conjure Flame                  Conjuration/Fire             3
   g - Mephitic Cloud                 Conjuration/Poison/Air       3
 y - a book of Misfortune

   Spells                             Type                      Level
   a - Confusing Touch                Hexes                        2
   b - Confuse                        Hexes                        3
   c - Gell's Gravitas                Hexes/Translocation          3
   d - Petrify                        Transmutation/Earth          4
   e - Metabolic Englaciation         Hexes/Ice                    5
   f - Yara's Violent Unravelling     Hexes/Transmutation          5
Comestibles
 d - 5 bread rations
 j - 2 beef jerkies
 t - 2 meat rations
 v - 4 fruits


   Skills:
 - Level 2.3 Dodging
 - Level 2.3 Stealth
 * Level 4.6 Spellcasting
 + Level 3.5 Conjurations
 - Level 2.5 Summonings
   Level 0.7 Translocations
 + Level 1.6 Air Magic


You had 7 spell levels left.
You knew the following spells:

 Your Spells              Type           Power        Failure   Level  Hunger
a - Magic Dart            Conj           ###.         3%          1    None
b - Call Imp              Summ           ##......     10%         2    #......
c - Mephitic Cloud        Conj/Pois/Air  ##......     21%         3    ###....


Dungeon Overview and Level Annotations

Branches:
Dungeon (4/15)
 Temple: D:4-7

Altars:
Ashenzari
Trog

Annotations:
D:3 ThereIsNoGod's ghost, amateur OpAs


Innate Abilities, Weirdness & Mutations

You have a beak for a mouth.
You have claws for feet.
You can fly.


Message History

The orc priest is moderately wounded.
You hit the orc priest but do no damage.
The orc priest is moderately wounded.
The orc priest mumbles some strange prayers to Beogh against you.
Beogh smites you!
* * * LOW HITPOINT WARNING * * *
Your iron imp hits the orc priest.
Your iron imp hits the orc priest.
Your iron imp hits the orc priest but does no damage.
There is a stone staircase leading up here.
You hit the orc priest but do no damage.
Your kick misses the orc priest.
The orc priest is heavily wounded.
The orc priest casts a cantrip, but nothing happens.
You barely miss the orc priest.
You claw the orc priest, but do no damage.
The orc priest is heavily wounded.
Your iron imp hits the orc priest but does no damage.
The orc priest hits you with a war axe!
You die...

.......#...............###.....
................##..#####......
###..............##..## #).....
........#.#.....###...####o.o...
....###.........# #<....##.o....
.........##.....# #..##.##....!.
.........##.....# ##.##.........
....###[###.....####............
... #..##....@o5........#..###
.. ###.########..............#
#....#######........####..#
###....##.............# ...
#.........############# ..
....#....#### .. ###......# .
...#....# #########


You could see an orc priest and a friendly iron imp.

Vanquished Creatures
  An adder (D:2)
  An ooze (D:3)
  4 worms
  2 dart slugs
  3 giant geckos
  4 orcs
  2 ball pythons
  A giant cockroach (D:2)
  15 hobgoblins
  8 jackals
  5 kobolds (D:1)
  2 quokkas
  6 bats
  5 giant newts
  16 goblins
  10 rats
85 creatures vanquished.

Vanquished Creatures (collateral kills)
  A giant frog skeleton (D:3)
  Ijyb (D:2)
  A worker ant (D:4)
  Robin (D:2)
  4 goblins (D:2)
  A quokka (D:3)
9 creatures vanquished.

Grand Total: 94 creatures vanquished

Notes
Turn   | Place    | Note
--------------------------------------------------------------
     0 | D:1      | mrath the Tengu Wizard began the quest for the Orb.
     0 | D:1      | Reached XP level 1. HP: 10/10 MP: 5/5
   223 | D:1      | Reached XP level 2. HP: 15/15 MP: 4/7
   836 | D:1      | Reached XP level 3. HP: 19/19 MP: 2/8
   927 | D:1      | Learned a level 2 spell: Call Imp
  1441 | D:2      | Found a bloodstained altar of Trog.
  2024 | D:2      | Reached XP level 4. HP: 24/24 MP: 10/10
  2646 | D:2      | Noticed Robin
  2889 | D:2      | Killed Robin
  2889 | D:2      | Reached skill level 4 in Spellcasting
  3264 | D:2      | Learned a level 3 spell: Mephitic Cloud
  3634 | D:3      | Reached skill level 1 in Air Magic
  3634 | D:3      | Gained mutation: You can fly. [Tengu growth]
  3634 | D:3      | Reached XP level 5. HP: 4/28 MP: 9/12
  4137 | D:3      | Noticed Ijyb
  4232 | D:3      | Noticed ThereIsNoGod's ghost (amateur OpAs)
  4637 | D:2      | Killed Ijyb
  5008 | D:3      | Found a shattered altar of Ashenzari.
  5848 | D:4      | Slain by an orc priest

Skill      XL: |  1  2  3  4 |
---------------+-------------+-----
Conjurations   | 2 3 |  3.5
Summonings     | 2 |  2.5
Spellcasting   | 4 |  4.6
Air Magic      | 1 |  1.6
Dodging        | |  2.3
Stealth        | |  2.3
Translocations | |  0.7

Action                   |  1- 3 |  4- 6 || total
-------------------------+-------+-------++-------
Melee: Short sword       |    40 |   130 ||   170
       Kick              |     8 |    24 ||    32
       Peck              |     7 |    14 ||    21
 Cast: Magic Dart        |    76 |   101 ||   177
       Call Imp          |       |    16 ||    16
  Use: Scroll            |       |     2 ||     2
       Potion            |       |     1 ||     1
 Stab: Sleeping          |     1 |     3 ||     4
  Eat: Chunk             |     3 |    12 ||    15
Armor: Robe              |     6 |    32 ||    38
Dodge: Dodged            |    28 |   115 ||   143
